 Dungeon Crawl Stone Soup version 0.20-a0-647-gf178af5 (webtiles) character file.

105 Kareekexe the Gusty (level 4, 0/32 HPs)
             Began as a Demonspawn Air Elementalist on Feb 15, 2017.
             Slain by Sigmund
             ... wielding a +0 scythe of freezing
              (1 damage)
             ... on level 3 of the Dungeon.
             The game lasted 00:04:40 (2428 turns).

Kareekexe the Gusty (Demonspawn Air Elementalist)   Turns: 2428, Time: 00:04:41

Health: 0/32       AC:  3    Str:  8    XL:     4   Next: 53%
Magic:  8/8        EV: 12    Int: 17    God:
Gold:   137        SH:  0    Dex: 14    Spells: 7/8 levels left

rFire    + . .     SeeInvis .   a - +2 whip (venom)
rCold    . . .     Gourm    .   m - +0 leather armour (curse)
rNeg     . . .     Faith    .   (no shield)
rPois    .         Spirit   .   (no helmet)
rElec    .         Reflect  .   (no cloak)
rCorr    .         Harm     +   (no gloves)
MR       .....                  (no boots)
Stlth    +++.......             p - amulet of harm
Regen    0.1/turn               i - ring of stealth
MPRegen  0.2/turn               f - ring of protection from fire

@: no status effects
A: claws 2, spiny 1
a: no special abilities


You were on level 3 of the Dungeon.
You were very hungry.

You visited 1 branch of the dungeon, and saw 3 of its levels.

You collected 137 gold pieces.

Inventory:

Hand Weapons
 a - a +2 whip of venom (weapon)
Armour
 m - a cursed +0 leather armour (worn)
Jewellery
 f - a ring of protection from fire (left claw)
 i - a ring of stealth (right claw)
 p - an amulet of harm (around neck)
Scrolls
 d - 6 scrolls of identify {unknown}
 e - a scroll of teleportation {unknown}
 j - 4 scrolls of remove curse {unknown}
 l - 2 scrolls of blinking {unknown}
 n - a scroll of fear {unknown}
Potions
 h - 2 potions of curing {unknown}
 o - 3 potions of heal wounds {unknown}
Books
 b - a book of Air

   Spells                             Type                      Level
   a - Shock                          Conjuration/Air              1
   b - Swiftness                      Charms/Air                   2
   c - Static Discharge               Conjuration/Air              3
   d - Airstrike                      Air                          4
   e - Lightning Bolt                 Conjuration/Air              5
Comestibles
 c - 4 bread rations
 g - a royal jelly
 k - 2 meat rations


   Skills:
 + Level 1.5 Fighting
 + Level 2.4 Dodging
 - Level 1.7 Stealth
 + Level 0.0 Unarmed Combat
 + Level 2.6 Spellcasting
 + Level 2.0 Conjurations
 + Level 3.3 Air Magic


You had 7 spell levels left.
You knew the following spells:

 Your Spells              Type           Power        Failure   Level  Hunger
a - Shock                 Conj/Air       ##..         12%         1    #......


Dungeon Overview and Level Annotations

Branches:
Dungeon (3/15)

Altars:
Sif Muna

Annotations:
D:3 Sigmund


Innate Abilities, Weirdness & Mutations

You have very sharp fingernails.
You are partially covered in sharp spines.


Message History

There is a stone staircase leading down here.
Unknown command.
You start resting.
You are feeling very hungry.
You start resting.
HP restored.
You climb downwards.
Level annotation: Sigmund
There is a stone staircase leading up here.
Sigmund gestures wildly while chanting.
Sigmund flickers and vanishes!
Something hits you! Something freezes you.
You completely miss something. Something hits you!
* * * LOW HITPOINT WARNING * * *
Something freezes you.
* * * LOW HITPOINT WARNING * * *
You miss something. Something hits you.
* * * LOW HITPOINT WARNING * * *
Something freezes you.
You die...

#.# #........ #.#
#..####..
######.######..####.#
#................##.#
#############..#.....
#...#.##.#
##########.#.......
####..........#.#.##..
#<...@.....รท....#.##.#
#.###########.#.#.##.#
#.###########.#.#.##.#
#.................##.#
#.###########.#.####.#
#.# #.#.####.# #.#
#......... #.#
#.#{####.# #.#
#######.#.####.#


There were no monsters in sight!

Vanquished Creatures
  4 gnolls (D:2)
  2 oozes
  A worm (D:2)
  A dart slug (D:3)
  A leopard gecko (D:3)
  4 giant cockroaches (D:1)
  3 goblins
  6 hobgoblins
  4 jackals
  A quokka (D:3)
  10 bats
  4 frilled lizards
  5 kobolds
  6 rats
52 creatures vanquished.

Notes
Turn   | Place    | Note
-------+----------+-------------------------------------------
     0 | D:1      | Kareekexe the Demonspawn Air Elementalist began the quest for the Orb.
     0 | D:1      | Reached XP level 1. HP: 13/13 MP: 3/3
   150 | D:1      | Gained mutation: You have sharp fingernails. [demonic ancestry]
   150 | D:1      | Reached XP level 2. HP: 12/20 MP: 0/5
   708 | D:1      | Gained mutation: You are partially covered in sharp spines. [demonic ancestry]
   708 | D:1      | Reached XP level 3. HP: 25/25 MP: 0/6
   991 | D:1      | Reached skill level 1 in Fighting
  1042 | D:2      | Found a deep blue altar of Sif Muna.
  1103 | D:2      | Reached skill level 3 in Air Magic
  1128 | D:2      | Gained mutation: You have very sharp fingernails. [demonic ancestry]
  1128 | D:2      | Reached XP level 4. HP: 17/32 MP: 2/7
  2126 | D:3      | Noticed Sigmund
  2428 | D:3      | HP: 1/32 [something (4)]
  2428 | D:3      | Slain by Sigmund

Vault maps used:
D:1:      moated_graveyard_arrival
D:2:      lemuel_doored_altar
D:3:      uniq_sigmund

Skill      XL: |  1  2  3 |
---------------+----------+-----
Dodging        | 2 |  2.4
Fighting       | 1 |  1.5
Air Magic      | 3 |  3.3
Conjurations   | 2 |  2.0
Stealth        | |  1.7
Spellcasting   | |  2.6

Action                   |  1- 3 |  4- 6 || total
-------------------------+-------+-------++-------
Melee: Unarmed           |    53 |    34 ||    87
       Whip              |       |     7 ||     7
 Cast: Shock             |    42 |    11 ||    53
 Stab: Sleeping          |     2 |     3 ||     5
  Eat: Chunk             |     1 |     3 ||     4
Armor: Robe              |    15 |       ||    15
       Leather armour    |     2 |     7 ||     9
Dodge: Dodged            |    38 |    21 ||    59
